 Dungeon Crawl Stone Soup version 0.23-a0-358-g98c7a59 (console) character file.

4161 nht the Slicer (level 10, -2/65 (68) HPs)
             Began as an Octopode Berserker on Oct 22, 2018.
             Was a High Priest of Trog.
             Hit by a javelin of returning thrown by a centaur (5 damage)
             ... in a bailey.
             The game lasted 00:10:26 (6650 turns).

nht the Slicer (Octopode Berserker)                 Turns: 6650, Time: 00:10:27

HP:   -2/65 (68)    AC:  1    Str: 19    XL:     10   Next: 28%
MP:   10/10         EV: 18    Int:  9    God:    Trog [*****.]
Gold: 180           SH:  0    Dex: 16    Spells: 9/9 levels left

rFire    . . .     SeeInvis .   a - +0 short sword
rCold    . . .     Gourm    .   (no shield)
rNeg     . . .     Faith    .   (helmet restricted)
rPois    .         Spirit   .   (no amulet)
rElec    .         Reflect  .   e - ring of stealth
rCorr    .         Harm     .   n - +3 ring of strength
MR       .....                  (no ring)
Stlth    +++++.....             (no ring)
HPRegen  0.20/turn              (no ring)
MPRegen  0.12/turn              (no ring)
                                (no ring)
                                (no ring)

@: berserk cooldown, hasted and slowed
A: almost no armour, stealthy swim, amphibious, 8 rings, constrict 8, camouflage
1, gelatinous body 1
a: Berserk, Trog's Hand, Brothers in Arms, Renounce Religion


You were in a bailey.
You worshipped Trog.
Trog was extremely pleased with you.
You were not hungry.

You visited 1 branch of the dungeon, and saw 8 of its levels.
You also visited: Sewer and Bailey.

You collected 652 gold pieces.
You spent 472 gold pieces at shops.

Inventory:

Hand Weapons
 a - a +0 short sword (weapon)
Missiles
 h - 33 poisoned needles
 i - 6 javelins
 k - 22 tomahawks (quivered)
 u - 8 tomahawks of returning
 y - 5 javelins of returning
Jewellery
 e - a ring of stealth (left tentacle)
 n - a +3 ring of strength (right tentacle)
Wands
 d - a wand of iceblast (38)
 o - a wand of enslavement (11)
 q - a wand of digging (10)
 A - a wand of acid (6)
Scrolls
 c - a scroll of teleportation
 g - 2 scrolls of remove curse
 r - 2 scrolls of fog
 v - a scroll of blinking
Potions
 f - 2 potions of heal wounds
 j - 5 potions of curing
 m - a potion of agility
 w - a potion of might
 x - a potion of mutation
Comestibles
 b - 10 rations
 z - 6 chunks of flesh


   Skills:
 - Level 6.0 Fighting
 * Level 9.6 Short Blades
 + Level 6.3 Throwing
 + Level 7.2 Dodging
 - Level 6.0 Stealth


You had 9 spell levels left.
You didn't know any spells.
Your spell library was empty.

Dungeon Overview and Level Annotations

Branches:
Dungeon (8/15)             Temple (0/1) D:4            Lair (0/6) D:8

Altars:
Dithmenos
Fedhas
Gozag
Kikubaaqudgha
Makhleb
Nemelex Xobeh
Okawaru
Qazlal
Ru
Trog
Wu Jian
Xom
Zin

Shops:
D:5 *   D:6 !

Annotations:
D:7 2 transporters, CcS's ghost, novice DEWz


Innate Abilities, Weirdness & Mutations

You cannot wear most types of armour.
You are very stealthy in the water. (Stealth+)
You are amphibious.
You can wear up to eight rings at the same time.
You can use your tentacles to constrict eight enemies at once.
Your skin changes colour to match your surroundings (Stealth+).
Your rubbery body absorbs attacks. (AC +1, EV +1)


Message History

The centaur closely misses you. The orc hits you with a +0 halberd!
The orc closely misses you.
You hit the centaur but do no damage. Your squeeze misses the centaur.
The centaur is heavily wounded.
The centaur hits you with a +0 halberd. The orc misses you.
The orc hits you from afar with a +0 halberd!
* * * LOW HITPOINT WARNING * * *
The centaur misses you. The orc barely misses you.
The centaur throws a javelin of returning.
The javelin of returning hits you!
* * * LOW HITPOINT WARNING * * *
The centaur throws a javelin of returning.
The javelin of returning completely misses you.
The weapon returns to the centaur!
You see here a javelin of returning.
As you read the scroll of fog, it crumbles to dust.
The scroll dissolves into smoke.
The centaur throws a javelin of returning.
The javelin of returning hits you.
You die...

█████...........
██...o≈≈≈≈≈≈≈≈≈...
█.⌠.≈≈≈.......≈≈..
█..≈≈..≈≈≈≈≈≈≈....
█.≈≈.≈≈≈.....≈≈≈..
██o≈.≈≈.)≈≈≈≈≈..≈≈.
█.≈≈.≈.§§≈...≈≈≈.≈≈
█.≈.≈≈o≈§§§.⌠..≈≈.≈
█.≈.ooc≈§@§∩∩.....≈
█.≈.≈≈o≈§§§.⌠..≈≈.≈
█.≈≈.≈.≈≈≈...≈≈≈.≈≈
██o≈.≈≈..≈≈≈≈≈..≈≈.
█.≈≈.≈≈≈.....≈≈≈..
█..≈≈..≈≈≈≈≈≈≈....
█.⌠.≈≈≈.......≈≈..
██...o≈≈≈≈≈≈≈≈≈...
█████.........


You could see a centaur and 8 orcs.

Vanquished Creatures
  3 hippogriffs
  Sigmund (D:6)
  Menkaure (D:6)
  A water moccasin (D:7)
  2 ice beasts (D:7)
  3 phantoms
  A sky beast (D:6)
  A black bear (D:8)
  Purgy (Sewer)
  4 necrophages
  2 centaurs
  4 ogres
  2 scorpions (D:6)
  6 wights
  A howler monkey (D:6)
  A crimson imp (D:5)
  A quasit (D:6)
  3 hounds
  4 orc priests
  A centaur zombie (D:5)
  7 orc wizards
  2 bullfrog skeletons (D:6)
  Terence (D:3)
  Jessica (D:3)
  Ijyb (D:5)
  6 worker ants
  Natasha (thrice) (D:3)
  A hound zombie (D:7)
  A hound skeleton (D:4)
  A mummy (D:7)
  2 worker ant zombies
  16 gnolls
  8 adders
  A river rat (D:4)
  2 shadow imps (D:6)
  2 oozes
  An adder skeleton (D:4)
  4 worms
  4 dart slugs
  3 leopard geckos
  25 orcs
  A ball python (D:1)
  13 bats
  10 giant cockroaches
  9 goblins
  4 hobgoblins
  18 jackals
  6 kobolds
  4 frilled lizards
  A giant cockroach zombie (D:5)
  A leopard gecko skeleton (D:4)
  A quokka zombie (D:5)
  10 rats
213 creatures vanquished.

Notes
Turn   | Place    | Note
-------+----------+-------------------------------------------
     0 | D:1      | nht the Octopode Berserker began the quest for the Orb.
     0 | D:1      | Reached XP level 1. HP: 16/16 MP: 1/1
    74 | D:1      | Reached XP level 2. HP: 19/21 MP: 2/2
    76 | D:1      | Reached skill level 1 in Stealth
   502 | D:1      | Reached XP level 3. HP: 23/26 MP: 3/3
   719 | D:1      | Reached ** piety under Trog
   953 | D:1      | Reached skill level 1 in Throwing
  1174 | D:2      | Reached XP level 4. HP: 26/31 MP: 4/4
  1755 | D:3      | Noticed Jessica
  1758 | D:3      | Killed Jessica
  1815 | D:3      | Reached XP level 5. HP: 24/36 MP: 5/5
  1842 | D:3      | Noticed Natasha
  1863 | D:3      | Killed Natasha
  1863 | D:3      | Reached skill level 4 in Short Blades
  1912 | D:3      | Reached *** piety under Trog
  1912 | D:3      | Reached XP level 6. HP: 36/43 MP: 6/6
  1936 | D:3      | Noticed Natasha
  1937 | D:3      | Noticed Terence
  1940 | D:3      | Killed Natasha
  1944 | D:3      | Killed Terence
  1945 | D:3      | Found a burning altar of Makhleb.
  1975 | D:3      | Found a blossoming altar of Fedhas.
  1977 | D:3      | Found a sparkling altar of Nemelex Xobeh.
  1977 | D:3      | Found a bloodstained altar of Trog.
  1978 | D:3      | Found an ancient bone altar of Kikubaaqudgha.
  1985 | D:3      | Found an opulent altar of Gozag.
  2232 | D:3      | Noticed Natasha
  2244 | D:3      | Killed Natasha
  2430 | D:4      | Noticed a necrophage
  2436 | D:4      | Killed a necrophage
  2436 | D:4      | Reached XP level 7. HP: 48/48 MP: 7/7
  2497 | D:4      | Reached skill level 5 in Short Blades
  2717 | D:4      | Found a staircase to the Ecumenical Temple.
  2952 | D:4      | Reached **** piety under Trog
  2961 | D:4      | Found a glowing drain.
  2965 | Sewer    | Entered a sewer
  3000 | Sewer    | Noticed Purgy
  3012 | Sewer    | Killed Purgy
  3140 | D:4      | Reached XP level 8. HP: 40/54 MP: 8/8
  3335 | D:5      | Entered Level 5 of the Dungeon
  3354 | D:5      | Found a stormy altar of Qazlal.
  3378 | D:5      | Found Jeuhasi's Assorted Antiques.
  3384 | D:5      | Bought an iron wand for 108 gold pieces
  3410 | D:5      | Reached skill level 5 in Stealth
  3428 | D:5      | Reached skill level 6 in Short Blades
  3566 | D:5      | Received a gift from Trog
  3577 | D:5      | Noticed Ijyb
  3581 | D:5      | Killed Ijyb
  3861 | D:5      | Found an ornate altar of the Wu Jian Council.
  3869 | D:5      | Reached skill level 5 in Fighting
  3871 | D:5      | Reached skill level 5 in Dodging
  3945 | D:6      | Found Imymeot's Distillery.
  3948 | D:6      | Noticed a hippogriff
  3960 | D:6      | Killed a hippogriff
  3985 | D:6      | Bought a potion of agility for 56 gold pieces
  3985 | D:6      | Bought a potion of might for 56 gold pieces
  3985 | D:6      | Bought a potion of mutation for 112 gold pieces
  3988 | D:6      | Bought a potion of heal wounds for 70 gold pieces
  3988 | D:6      | Bought a potion of agility for 56 gold pieces
  3988 | D:6      | Bought a potion of degeneration for 14 gold pieces
  4153 | D:6      | Reached skill level 7 in Short Blades
  4365 | D:6      | Reached XP level 9. HP: 45/61 MP: 9/9
  4417 | D:6      | Noticed Menkaure
  4424 | D:6      | Killed Menkaure
  4505 | D:6      | Noticed Sigmund
  4508 | D:6      | Killed Sigmund
  4524 | D:6      | Received a gift from Trog
  4572 | D:6      | Found a glowing silver altar of Zin.
  4981 | D:6      | Reached skill level 8 in Short Blades
  4981 | D:6      | Reached skill level 5 in Throwing
  5745 | D:7      | Reached skill level 9 in Short Blades
  5745 | D:7      | Reached XP level 10. HP: 65/65 MP: 10/10
  5793 | D:7      | Found a sacrificial altar of Ru.
  5974 | D:7      | Found a transporter.
  5979 | D:7      | Found a transporter.
  5979 | D:7      | Noticed CcS's ghost (novice DEWz)
  6049 | D:7      | Found a shimmering altar of Xom.
  6080 | D:7      | Found an iron altar of Okawaru.
  6168 | D:7      | Found a shadowy altar of Dithmenos.
  6198 | D:7      | Reached ***** piety under Trog
  6433 | D:8      | Found a staircase to the Lair.
  6604 | D:8      | Found a flagged portal.
  6624 | Bailey   | Entered a bailey
  6649 | Bailey   | HP: 2/65 [centaur/javelin of returning (10)]
  6650 | Bailey   | Hit by a javelin of returning thrown by a centaur

Vault maps used:
D:1:      sevenhm_arrival_forest_fort_large_3
D:2:      first_ration
D:3:      minitemple, uniq_jessica, uniq_natasha, uniq_terence
D:4:      minmay_temple_entry_statues_fountains, serial_bayou,
          serial_bayou_pond_d, serial_bayou_ford_a, serial_bayou_pond_c,
          serial_bayou_pond_b, gup_sewer_entry_spiral
D:5:      lemuel_coloured_pillars_altar, serial_shops,
          nicolae_shop_overgrown_old_shop, grunt_qazlal_sundering, uniq_ijyb
D:6:      kennysheep_mini_moat, serial_shops, shop_coins, corexii_checkpoint_a,
          hangedman_abyss_or_decor_lesser_grid, uniq_sigmund, uniq_menkaure
D:7:      xom_teletrap_fun, grunt_dithmenos_shadows, lemuel_crystal_altar,
          gammafunk_ghost_mausoleum, serial_undead, serial_undead_c,
          serial_undead_d, serial_undead_c, serial_undead_b, okawaru_gym_becter
D:8:      nicolae_ashenzari_panopticon, lair_entry_dummy, enter_bailey_2
Sewer:    sewer_big_baddie
Bailey:   bailey_polearm_flooded_kennysheep, bailey

Skill      XL: |  1  2  3  4  5  6  7  8  9 10 |
---------------+-------------------------------+-----
Stealth        | 1 2 3 4 6 |  6.0
Throwing       | 1 2 3 4 5 6 |  6.3
Short Blades   | 4 5 7 9 |  9.6
Fighting       | 4 5 6 |  6.0
Dodging        | 4 5 6 7 |  7.2

Action                   |  1- 3 |  4- 6 |  7- 9 | 10-12 || total
-------------------------+-------+-------+-------+-------++-------
Melee: Short sword       |    57 |    79 |   229 |    72 ||   437
       Constrict         |    17 |    21 |    48 |    10 ||    96
       Tentacles         |    12 |    18 |    70 |    14 ||   114
Throw: Tomahawk          |       |       |     3 |       ||     3
Invok: Trog's Hand       |       |     1 |       |       ||     1
       Berserk           |       |     2 |    10 |     2 ||    14
Evoke: Wand              |       |     9 |    12 |       ||    21
  Use: Scroll            |       |     2 |     7 |     1 ||    10
       Potion            |       |       |       |     5 ||     5
 Stab: Sleeping          |    13 |     6 |    26 |     9 ||    54
  Eat: Chunk             |     1 |     4 |    17 |     6 ||    28
       Ration            |       |       |     1 |       ||     1
Armor: Skin              |     3 |     2 |     8 |     2 ||    15
Dodge: Dodged            |    28 |    42 |   119 |    51 ||   240

Table legend:
 A = Non-vault XP
 B = Vault XP
 C = Vault XP percentage of total XP
 D = Non-vault monster count
 E = Vault monster count
 F = Vault count percentage of total count
                 A         B        C        D         E       F
            +---------+---------+-------+---------+---------+-------
      Total |    4610 |    1335 |  22.5 |     181 |      32 |  15.0
            +---------+---------+-------+---------+---------+-------
        D:1 |      53 |       0 |   0.0 |      27 |       0 |   0.0
        D:2 |      57 |       0 |   0.0 |      20 |       0 |   0.0
        D:3 |     276 |     110 |  28.5 |      34 |       3 |   8.1
        D:4 |     515 |      78 |  13.2 |      26 |      10 |  27.8
        D:5 |     553 |      36 |   6.1 |      11 |       1 |   8.3
        D:6 |    1372 |     388 |  22.0 |      32 |       4 |  11.1
        D:7 |    1412 |     587 |  29.4 |      23 |       7 |  23.3
        D:8 |     372 |       0 |   0.0 |       8 |       0 |   0.0
      Sewer |       0 |     133 | 100.0 |       0 |       6 | 100.0
     Bailey |       0 |       3 | 100.0 |       0 |       1 | 100.0
            +---------+---------+-------+---------+---------+-------
